 Dungeon Crawl Stone Soup version 0.29-a0-857-g9b1aa3ac5b (webtiles) character file.

Game seed: 10780448552976275741

0 MisterAzrael the Chiller (level 1, 0/10 HPs)
             Began as a Deep Elf Ice Elementalist on July 16, 2022.
             Slain by an endoplasm (1 damage)
             ... on level 1 of the Dungeon.
             The game lasted 00:00:09 (42 turns).

MisterAzrael the Chiller (Deep Elf Ice Elementalist)  Turns: 42, Time: 00:00:10

Health: 0/10       AC:  2    Str:  5    XL:     1   Next: 0%
Magic:  6/6        EV: 12    Int: 19    God:
Gold:   0          SH:  0    Dex: 15    Spells: 5/6 levels left

rFire   . . .      SeeInvis .   (no weapon)
rCold   . . .      Faith    .   (no shield)
rNeg    . . .      Spirit   .   a - +0 robe
rPois   .          Reflect  .   (no helmet)
rElec   .          Harm     .   (no cloak)
rCorr   .          Rampage  .   (no gloves)
Will    .....                   (no boots)
Stlth   ++........              (no amulet)
HPRegen 0.03/turn               (no ring)
MPRegen 0.10/turn               (no ring)

@: no status effects
A: no striking features
a: no special abilities


You were on level 1 of the Dungeon.
You visited 1 branch of the dungeon, and saw 1 of its levels.

Inventory:

Armour
 a - a +0 robe (worn)
Potions
 b - a potion of magic


   Skills:
 + Level 2.4 Dodging
 + Level 2.4 Stealth
 + Level 3.0 Spellcasting
 + Level 4.3 Ice Magic


You had 5 spell levels left.
You knew the following spells:

 Your Spells              Type           Power      Damage    Failure   Level
a - Freeze                Ice            76%        1d9       2%          1

Your spell library contained the following spells:

 Spells                   Type           Power      Damage    Failure   Level
 Frozen Ramparts          Ice            38%        1d5       8%          3
 Ozocubu's Armour         Ice            19%        N/A       8%          3
 Hailstorm                Conj/Ice       11%        3d5       52%         4


Dungeon Overview and Level Annotations

Branches:
Dungeon (1/15)

Altars:


Message History

You miss the bat.
The bat is moderately wounded.
The bat hits you but does no damage. The bat misses you.
You closely miss the bat.
The bat is moderately wounded.
The bat closely misses you.
You hit the bat but do no damage. The bat hits you. The bat closely misses you.
The bat misses you.
You miss the bat. The bat barely misses you.
The bat hits you but does no damage. The bat misses you.
The bat closely misses you.
An endoplasm comes into view.
The endoplasm quivers.
The bat hits you but does no damage.
You hit the bat.
The bat is moderately wounded.
The bat barely misses you.
You miss the bat.
The bat is moderately wounded.
The bat closely misses you. The bat closely misses you.
The bat hits you but does no damage.
You barely miss the bat.
The bat is moderately wounded.
The bat hits you. The bat hits you. The endoplasm closely misses you.
You hit the bat.
The bat is severely wounded.
The bat closely misses you. x2
The endoplasm freezes you.
You are frozen.
* * * LOW HITPOINT WARNING * * *
You hit the bat but do no damage.
The bat is severely wounded.
The bat hits you but does no damage. The bat closely misses you.
The endoplasm closely misses you.
You hit the bat.
You kill the bat!
The endoplasm hits you.
You die...

.........#.........
.........+........#
.........##.....###
#.......###.#..####
##.....##...#.....
##..># #.#####.###
##+# #...# ..#
###.#..## #@...#
#..J###.# #... #
..... .......
....... .###...
#...


You could see an endoplasm.

Vanquished Creatures
  A bat (D:1)
1 creature vanquished.

Notes
Turn   | Place    | Note
-------+----------+-------------------------------------------
     0 | D:1      | MisterAzrael the Deep Elf Ice Elementalist began the quest
                  | for the Orb.
     0 | D:1      | Reached XP level 1. HP: 10/10 MP: 6/6
    42 | D:1      | Slain by an endoplasm

Illustrated notes

Levels and vault maps discovered:
D:1:      dpeg_arrival_lava_altar, layout_loops_corners,
          minmay_misc_feat_pillars

Action                   || total
-------------------------++-------
Melee: Unarmed           ||    23
Armor: Robe              ||    14
Dodge: Dodged            ||    29

Table legend: (Time is in decaauts)
 A = Elapsed time spent in this place.
 B = Non-inter-level travel time spent in this place.
 C = Inter-level travel time spent in this place.
 D = Time resting spent in this place.
 E = Time spent auto-exploring this place.
 F = Levels seen in this place.
 G = Mean time per level.
                   A        B        C        D        E       F      G
               +--------+--------+--------+--------+--------+-----+--------+
         Total |     42 |     42 |      0 |      0 |      9 |   1 |   42.0 |
       Dungeon |     42 |     42 |      0 |      0 |      9 |   1 |   42.0 |
               +--------+--------+--------+--------+--------+-----+--------+

Top non-repeatable levels by time:
     D:1: 42 daAuts
